 Dungeon Crawl Stone Soup version 0.19-a0-975-gfff5315 (webtiles) character file.

245 Liquid the Insei (level 5, -6/42 HPs)
             Began as a Demonspawn Chaos Knight on July 13, 2016.
             Killed from afar by an orc wizard (10 damage)
             ... with a puff of flame
             ... on level 4 of the Dungeon.
             The game lasted 00:09:40 (2187 turns).

Liquid the Insei (Demonspawn Chaos Knight)          Turns: 2187, Time: 00:09:42

Health: -6/42      AC: 10    Str: 12    XL:     5   Next: 84%
Magic:  5/5        EV:  1    Int: 14    God:    Xom [......]
Gold:   197        SH:  0    Dex: 13    Spells: 0 memorised, 4 levels left

rFire  . . .     SeeInvis +       - Unarmed
rCold  + . .     Gourm    .     h - +1 chain mail
rNeg   . . .     Faith    .     (no shield)
rPois  .         Spirit   .     (helmet restricted)
rElec  .         Dismiss  .     (no cloak)
rCorr  .         Reflect  .     a - +0 pair of gloves
SustAt .         Harm     .     (no boots)
MR     .....                    (no amulet)
Stlth  ..........               (no ring)
                                d - ring of see invisible

@: slowed, very slow, not resistant to hostile enchantments, extremely
unstealthy
A: horns 1, talons 1, cold resistance 1, powered by pain 1
a: Renounce Religion


You were on level 4 of the Dungeon.
You worshipped Xom.
You were a very special plaything of Xom.
You were not hungry.

You visited 1 branch of the dungeon, and saw 4 of its levels.

You collected 197 gold pieces.

Inventory:

Armour
 a - a +0 pair of gloves (worn)
 h - a +1 chain mail (worn)
Jewellery
 d - a ring of see invisible (left hand)
Potions
 c - 2 potions of curing
 e - 2 potions of cancellation
 j - 2 potions of degeneration {unknown}
 l - a potion of lignification {unknown}
 n - a potion of mutation {unknown}
Books
 q - a book of Changes

   Spells                             Type                      Level
   a - Beastly Appendage              Transmutation                1
   b - Sticks to Snakes               Transmutation                2
   c - Spider Form                    Transmutation/Poison         3
   d - Ice Form                       Ice/Transmutation            4
   e - Blade Hands                    Transmutation                5
Comestibles
 b - 3 bread rations
 g - a royal jelly
 i - 3 meat rations
 m - 5 chunks of flesh
 p - 2 fruits


   Skills:
 + Level 4.0 Fighting
 * Level 2.2 Armour
 - Level 2.1 Dodging
 * Level 4.7 Unarmed Combat


You had 4 spell levels left.
You didn't know any spells.

Dungeon Overview and Level Annotations

Branches:
Dungeon (4/15)
 Temple: D:4-7

Altars:
Cheibriados
Sif Muna
Uskayaw
Xom


Innate Abilities, Weirdness & Mutations

You have a pair of small horns on your head.
You have sharp toenails.
Your flesh is cold resistant. (rC+)
You sometimes gain a little power by taking damage.


Message History

The orc wizard gestures at you while chanting.
The puff of flame misses you.
Unknown command.
The orc wizard casts a spell.
The orc wizard blinks!
The orc wizard casts a spell at you. The puff of flame hits you!
* * * LOW HITPOINT WARNING * * *
There is a stone staircase leading up here.
Unknown command.
Unknown command.
The orc wizard casts a spell at you. The puff of flame hits you!
* * * LOW HITPOINT WARNING * * *
The orc wizard casts a spell.
The orc wizard blinks!
The orc wizard points at you and mumbles some strange words.
The puff of flame hits you!
You die...
Xom titters!

#... #.....
#...###########.....
#...................
#.o..........##.....
#............##.....
#.............#.....
######+##.§...........#.....
+.....................÷.....
#..........@##.......#†.....
.
#...........##########....##
.. ##....o##.§..# ###'###
...##...o.##....# #....#.
..........#.....# #....#.
..........#.....# #....#.
..........'.....# #######
...##.....##....# #......
#.....##...## #......


You could see 2 orc wizards.

Vanquished Creatures
  An ice beast (D:3)
  A worker ant (D:4)
  5 adders
  An ooze (D:3)
  3 worms
  3 dart slugs
  2 giant geckos
  An orc (D:3)
  2 ball pythons (D:1)
  8 bats
  3 giant cockroaches
  8 goblins
  5 hobgoblins
  5 jackals
  11 kobolds
  A quokka (D:2)
  A giant newt (D:1)
  5 rats
66 creatures vanquished.

Notes
Turn   | Place    | Note
-------+----------+-------------------------------------------
     0 | D:1      | Liquid the Demonspawn Chaos Knight began the quest for the Orb.
     0 | D:1      | Reached XP level 1. HP: 18/18 MP: 1/1
    34 | D:1      | XOM: harmless Tloc miscast
   301 | D:1      | Gained mutation: You have sharp toenails. [demonic ancestry]
   301 | D:1      | Reached XP level 2. HP: 12/24 MP: 2/2
   333 | D:1      | XOM: polymorph ooze -> hound
   334 | D:1      | XOM: mild Ice miscast
   339 | D:1      | HP: 1/24 [hound (2)]
   342 | D:1      | XOM: polymorph hound -> hell rat
   374 | D:1      | XOM: harmless Conj miscast
   458 | D:1      | XOM: god gift: 56 gold pieces
   464 | D:1      | XOM: scenery: create altars
   568 | D:2      | Found a deep blue altar of Sif Muna.
   577 | D:2      | Reached skill level 1 in Dodging
   755 | D:2      | Found a hide-covered altar of Uskayaw.
   785 | D:2      | XOM: silly message
   813 | D:2      | Gained mutation: Your flesh is cold resistant. (rC+) [demonic ancestry]
   813 | D:2      | Reached XP level 3. HP: 24/29 MP: 3/3
   882 | D:2      | XOM: potion effect (curing)
   945 | D:3      | Noticed an ice beast
   956 | D:3      | XOM: fog
   958 | D:3      | XOM: confusion
   971 | D:3      | XOM: noise
   976 | D:3      | Killed an ice beast
   976 | D:3      | Gained mutation: You sometimes gain a little power by taking damage. [demonic ancestry]
   976 | D:3      | Reached XP level 4. HP: 24/37 MP: 4/4
   992 | D:3      | Found a snail-covered altar of Cheibriados.
  1013 | D:3      | XOM: enchant monster (bad)
  1016 | D:3      | XOM: smoke on damage
  1017 | D:3      | Gained mutation: You have a pair of small horns on your head. [demonic ancestry]
  1017 | D:3      | Reached XP level 5. HP: 27/42 MP: 5/5
  1220 | D:3      | XOM: 2-stop teleportation journey
  1948 | D:2      | You fall through a shaft for 2 floors!
  1979 | D:4      | XOM: harmless Pois miscast
  2062 | D:4      | XOM: 5-stop teleportation journey
  2170 | D:4      | XOM: chaos cloud
  2182 | D:4      | XOM: 1-stop teleportation journey
  2187 | D:4      | Killed from afar by an orc wizard

Vault maps used:
D:1:      lightli_arrival_farm, minivault_14
D:2:      lemuel_crystal_altar, eat_drink_and_be_merry_uskayaw, first_bread,
          minmay_tetromino_i4
D:3:      cheibriados_altar_1

Skill      XL: |  1  2  3  4  5 |
---------------+----------------+-----
Unarmed Combat | 3 4 |  4.7
Dodging        | 1 2 |  2.1
Armour         | 2 |  2.2
Fighting       | 4 |  4.0

Action                   |  1- 3 |  4- 6 || total
-------------------------+-------+-------++-------
Melee: Unarmed           |   162 |   132 ||   294
       Punch             |     3 |     1 ||     4
       Kick              |    27 |    33 ||    60
       Headbutt          |       |    11 ||    11
  Use: Potion            |     6 |       ||     6
       Scroll            |     2 |     5 ||     7
  Eat: Chunk             |       |     4 ||     4
Armor: Leather armour    |    83 |    23 ||   106
       Chain mail        |       |    42 ||    42
Dodge: Dodged            |   126 |    60 ||   186
